 Dungeon Crawl Stone Soup version 0.19-a0-1815-g4007336 (webtiles) character file.

71 Amnesiac the Magician (level 4, -2/30 HPs)
             Began as a Mummy Wizard on Oct 5, 2016.
             Slain by a gnoll
             ... wielding a +0 spear
              (7 damage)
             ... on level 2 of the Dungeon.
             The game lasted 00:03:59 (1737 turns).

Amnesiac the Magician (Mummy Wizard)                Turns: 1737, Time: 00:03:59

Health: -2/30      AC:  2    Str: 10    XL:     4   Next: 5%
Magic:  1/10       EV: 12    Int: 17    God:
Gold:   13         SH:  0    Dex: 11    Spells: 4 memorised, 3 levels left

rFire  x . .     SeeInvis .     (no weapon)
rCold  + . .     Gourm    .     a - +0 robe
rNeg   + + +     Faith    .     (no shield)
rPois  ∞         Spirit   .     b - +0 hat
rElec  .         Dismiss  .     (no cloak)
rCorr  .         Reflect  .     (no gloves)
MR     .....     Harm     .     (no boots)
Stlth  ++........               (no amulet)
                                (no ring)
                                (no ring)

@: very slightly contaminated
A: no food or potions, fire vulnerability, cold resistance 1, negative energy
resistance 3, torment resistance, unbreathing
a: no special abilities


You were on level 2 of the Dungeon.
You were not hungry.

You visited 1 branch of the dungeon, and saw 3 of its levels.

You collected 13 gold pieces.

Inventory:

Armour
 a - a +0 robe (worn)
 b - a +0 hat (worn)
Scrolls
 d - a scroll of identify {unknown}
 e - a scroll of amnesia {unknown}
Books
 c - a book of Minor Magic

   Spells                             Type                      Level
   a - Magic Dart                     Conjuration                  1
   b - Blink                          Translocation                2
   c - Call Imp                       Summoning                    2
   d - Repel Missiles                 Charms/Air                   2
   e - Slow                           Hexes                        2
   f - Conjure Flame                  Conjuration/Fire             3
   g - Mephitic Cloud                 Conjuration/Poison/Air       3


   Skills:
 - Level 1.5 Dodging
 - Level 1.5 Stealth
 + Level 4.6 Spellcasting
 - Level 1.0 Conjurations
 - Level 0.7 Summonings
   Level 0.7 Translocations


You had 3 spell levels left.
You knew the following spells:

 Your Spells              Type           Power        Failure   Level  Hunger
d - Call Imp              Summ           #.......     21%         2    N/A
e - Mephitic Cloud        Conj/Pois/Air  #.......     47%         3    N/A
f - Magic Dart            Conj           #...         12%         1    N/A
s - Conjure Flame         Conj/Fire      #.......     38%         3    N/A

Dungeon Overview and Level Annotations

Branches:
Dungeon (3/15)

Altars:
Sif Muna

Annotations:
D:3 Grinder


Innate Abilities, Weirdness & Mutations

You do not eat or drink.
Your flesh is vulnerable to fire.
You are immune to poison.
Your flesh is cold resistant. (rC+)
You are immune to negative energy. (rN+++)
You are immune to unholy pain and torment.
You can survive without breathing.


Message History

Unknown command.
Casting: Mephitic Cloud
Confirm with . or Enter, or press ? or * to list all spells.
You don't have enough magic to cast that spell.
Unknown command.
Casting: Mephitic Cloud
Confirm with . or Enter, or press ? or * to list all spells.
Okay, then.
Unknown command.
Unknown command.
Casting: Mephitic Cloud
Confirm with . or Enter, or press ? or * to list all spells.
Aiming: Magic Dart
Press: ? - help, Shift-Dir - straight line, f - gnoll, p - gnoll
Aim: a gnoll, wielding a spear The magic dart hits the gnoll.
The gnoll is lightly wounded.
The gnoll is engulfed in noxious fumes.
The gnoll appears confused.
Your iron imp closely misses the gnoll.
The gnoll hits you with a spear!
You die...

###........##.##.####.....######.
..#........#.......##..........#.
#.#...)....#....)..##......###!##
#.#........#.......##........#.#
..#........#.......##.....÷..#.##
###........####..####............
..)...####...)..5# #.....##.....
.####.# #.###.#g# #........#.#.
.# #.# #.###.#@# #######..#..< .#
#.# #.....#§# #..##.# .#
#.####..#..#g# #..##.. .#
#.......#..#.# #..###.
###########.####.# #......
..........#......# ##.!...
#########.#######################
#.# #....................
#.###.###################


You could see 2 gnolls and a friendly iron imp.

Vanquished Creatures
  Jessica (D:2)
  A gnoll (D:2)
  An adder (D:2)
  A dart slug (D:1)
  A bat skeleton (D:2)
  A giant cockroach (D:1)
  4 goblins
  5 hobgoblins
  2 frilled lizards
  A leopard gecko zombie (D:2)
  4 rats
22 creatures vanquished.

Vanquished Creatures (collateral kills)
  An adder (D:2)
1 creature vanquished.

Grand Total: 23 creatures vanquished

Notes
Turn   | Place    | Note
-------+----------+-------------------------------------------
     0 | D:1      | Amnesiac the Mummy Wizard began the quest for the Orb.
     0 | D:1      | Reached XP level 1. HP: 13/13 MP: 4/4
    18 | D:1      | Reached skill level 1 in Conjurations
   568 | D:1      | Reached XP level 2. HP: 15/19 MP: 0/6
   572 | D:1      | Learned a level 2 spell: Call Imp
  1273 | D:2      | Noticed Jessica
  1304 | D:2      | Killed Jessica
  1304 | D:2      | Reached skill level 4 in Spellcasting
  1304 | D:2      | Reached XP level 3. HP: 21/24 MP: 0/8
  1310 | D:2      | Learned a level 3 spell: Mephitic Cloud
  1314 | D:2      | Learned a level 3 spell: Conjure Flame
  1513 | D:2      | Found a deep blue altar of Sif Muna.
  1626 | D:3      | Noticed Grinder
  1644 | D:2      | Reached XP level 4. HP: 27/30 MP: 0/10
  1737 | D:2      | Slain by a gnoll

Vault maps used:
D:1:      ncdulo_lavacross, grunt_decor_cap, minmay_misc_feat_enclosed,
          minivault_25
D:2:      serial_undead, serial_undead_e, serial_undead_a, serial_undead_b,
          serial_undead_b, lemuel_blue_sif_altar, uniq_jessica
D:3:      serial_glass, glass_columns_c, glass_columns_a, glass_columns_a,
          glass_columns_a, glass_columns_c, uniq_grinder,
          uniq_crazy_yiuf_cottage

Skill      XL: |  1  2 |
---------------+-------+-----
Conjurations   | 1 |  1.0
Spellcasting   | 4 |  4.6
Dodging        | |  1.5
Stealth        | |  1.5
Summonings     | |  0.7
Translocations | |  0.7

Action                   |  1- 3 |  4- 6 || total
-------------------------+-------+-------++-------
Melee: Unarmed           |    45 |       ||    45
 Cast: Magic Dart        |    75 |     2 ||    77
       Call Imp          |     4 |     1 ||     5
       Mephitic Cloud    |       |     1 ||     1
Armor: Robe              |    15 |     1 ||    16
Dodge: Dodged            |    57 |     3 ||    60
